Senateurs vs Canucks
(R1)
Created - November 18, 2019 at 19:02
Goals
|
| Senateurs |
1 |
1 |
2 |
4 |
| Canucks |
1 |
0 |
2 |
3 |
|
Shots
|
| Senateurs |
9 |
16 |
5 |
30 |
| Canucks |
18 |
6 |
9 |
33 |
|
1st period
1. Canucks , Henrik Zetterberg 4 (Kris Versteeg 3, Jamie McBain 13) at 7:16
2. Senateurs , Daniel Sedin 3 (Colby Armstrong 3, Dion Phaneuf 10) at 12:50
Penalties :
Kris Versteeg (Van) for Tripping (Minor) at 3:44, Ryan Hollweg (Ott) for Cross-checking (Minor) at 9:08, Clarke MacArthur (Van) for Holding (Minor) at 13:34
2nd period
3. Senateurs , Sidney Crosby 12 (Dion Phaneuf 11, Jamie Benn 7) at 7:41
Penalties :
Colby Armstrong (Ott) for Hooking (Minor) at 0:43, Daniel Sedin (Ott) for Hooking (Minor) at 5:16, Henrik Zetterberg (Van) for Tripping (Minor) at 7:46, Jason Zucker (Van) for High sticking (Minor) at 12:31
3rd period
4. Senateurs , Sidney Crosby 13 (Jamie Benn 8, Phil Kessel 10) at 12:20 (PP)
5. Canucks , Kris Versteeg 11 (Henrik Zetterberg 8, Jamie McBain 14) at 12:32
6. Canucks , Henrik Zetterberg 5 (James Wright 5) at 12:52
7. Senateurs , Jamie Benn 4 (Phil Kessel 11, Sidney Crosby 8) at 15:22 (PP)
Penalties :
Phil Kessel (Ott) for Hooking (Minor) at 1:41, Jamie Benn (Ott) for Tripping (Minor) at 4:19, Jason Zucker (Van) for Roughing (Minor) at 11:20, Jason Akeson (Van) for Hooking (Minor) at 15:05, Stephane Da Costa (Ott) for Delaying the game (Minor) at 17:49, Dion Phaneuf (Ott) for Tripping (Minor) at 19:03
Goalie Stats
Ondrej Pavelec (Ott), 30 saves from 33 shots - (0.909), W, 7-3-0, 60:00 minutes
Jacob Markstrom (Van), 26 saves from 30 shots - (0.867), L, 5-5-1, 59:13 minutes
Players Stats for Senateurs
Player Name G A P +/- PIM S H SB GA TA FO MP PP MP PK MP
------------------------------------------------------------------------------------
Arturs Kulda 0 0 0 0 0 0 0 0 0 0 0/0 1:07 0:00 0:00
Carlo Colaiacovo 0 0 0 1 0 0 0 0 0 0 0/0 12:30 0:00 0:56
Cody Franson 0 0 0 -2 0 0 0 1 1 0 0/0 26:10 5:16 6:49
Colby Armstrong 0 1 1 1 2 1 2 0 0 0 1/1 16:12 4:12 0:00
Daniel Briere 0 0 0 0 0 1 1 0 0 0 2/5 14:20 0:00 3:47
Daniel Sedin 1 0 1 1 2 5 2 1 0 1 0/1 15:59 4:12 0:12
Dion Phaneuf 0 2 2 -2 2 3 4 1 0 0 0/0 26:20 5:16 5:52
Duncan Keith 0 0 0 0 0 0 0 0 0 0 0/0 21:09 3:57 5:16
Evgeni Malkin 0 0 0 0 0 4 1 1 0 0 7/15 21:51 4:12 6:27
Jamie Benn 1 2 3 -2 2 1 0 2 0 1 1/1 18:06 5:01 1:11
Mark Giordano 0 0 0 1 0 1 0 0 0 0 0/0 11:34 0:00 0:00
Nate Prosser 0 0 0 0 0 1 1 0 1 0 0/0 21:09 3:57 5:16
Phil Kessel 0 2 2 -2 2 4 2 1 2 0 3/4 19:44 5:01 2:47
Radim Vrbata 0 0 0 1 0 1 0 1 0 0 0/0 10:48 0:00 0:00
Ryan Hollweg 0 0 0 0 2 0 0 0 1 0 1/1 6:57 0:00 1:42
Sergei Kostitsyn 0 0 0 0 0 3 1 0 0 0 0/0 10:57 0:00 0:00
Sidney Crosby 2 1 3 -2 0 5 0 1 0 1 18/36 26:55 5:01 6:57
Stephane Da Costa 0 0 0 0 2 0 1 1 0 0 1/1 5:15 0:00 0:22
Players Stats for Canucks
Player Name G A P +/- PIM S H SB GA TA FO MP PP MP PK MP
------------------------------------------------------------------------------------
Alex Goligoski 0 0 0 1 0 2 1 0 0 0 0/0 28:32 7:16 5:53
Brandon Sutter 0 0 0 -2 0 0 1 0 0 2 4/7 13:16 0:19 0:48
Brenden Morrow 0 0 0 0 0 1 0 0 0 0 0/0 7:45 0:13 1:32
Clarke MacArthur 0 0 0 0 2 2 1 0 0 0 0/0 10:45 0:13 0:41
Danny DeKeiser 0 0 0 0 0 0 0 3 0 0 0/0 10:33 0:00 0:00
Dennis Wideman 0 0 0 0 0 0 1 2 0 0 0/0 20:55 4:49 3:20
Drew Fata 0 0 0 0 0 1 1 0 1 0 0/0 20:55 4:49 3:20
Henrik Zetterberg 2 1 3 3 2 5 0 0 0 0 1/4 23:23 6:20 4:15
James Wright 0 1 1 3 0 2 2 1 1 0 21/41 21:52 6:11 0:00
Jamie McBain 0 2 2 1 0 6 2 1 0 2 0/0 28:32 7:16 5:53
Jason Akeson 0 0 0 0 2 1 1 0 0 0 0/0 9:02 0:00 0:00
Jason Zucker 0 0 0 -2 4 2 3 0 0 0 0/0 16:49 5:32 0:00
Jordie Benn 0 0 0 0 0 0 0 0 0 0 0/0 10:33 0:00 0:00
Kris Versteeg 1 1 2 3 2 2 1 0 0 0 0/1 21:13 6:33 1:34
Marc Savard 0 0 0 0 0 0 2 0 0 1 1/3 14:23 5:22 0:00
Nick Palmieri 0 0 0 -2 0 6 1 0 1 0 0/0 18:52 5:32 2:08
Robert Nilsson 0 0 0 0 0 2 1 0 0 0 4/9 6:01 0:00 5:15
Steve Bernier 0 0 0 0 0 1 1 0 0 0 0/0 7:20 0:00 2:13
3 Stars
1 - Henrik Zetterberg (Van)
2 - Sidney Crosby (Ott)
3 - Kris Versteeg (Van)
Power Play
Senateurs - 2 on 6 Attempt(s) - 33.33%
Canucks - 0 on 7 Attempt(s) - 0.00%
Penalty Kill
Senateurs - 7 on 7 Attempt(s) - 100.00%
- Score 0 goal in Penalty Kill
Canucks - 4 on 6 Attempt(s) - 66.67%
- Score 0 goal in Penalty Kill
Team Stat
Senateurs - Hits : 15 - Faceoff Wins : 34 - Blocked Shots : 10 - Penalty Minutes : 14
Canucks - Hits : 19 - Faceoff Wins : 31 - Blocked Shots : 7 - Penalty Minutes : 12
Official
Referees : Unknown
Linesman : Unknown
Game Notes
No Game Note
Finance
Level 1 -- Attendance: 5683 (94.72%) -- Ticket Income $483,055
Level 2 -- Attendance: 5000 (100.00%) -- Ticket Income $255,000
Level 3 -- Attendance: 2000 (100.00%) -- Ticket Income $64,000
Level 4 -- Attendance: 4000 (100.00%) -- Ticket Income $80,000
Luxury Box -- Attendance: 1000 (100.00%) -- Ticket Income $100,000
Game was played at the Budweiser Coliseum.
Total Attendance: 17683 (98.24%)
Total Ticket Income: $982,055
Other Income: $147,308
Total Income: $1,129,363
Senateurs
5 vs 5 Forward
Center Left Wing Right Wing Time % Phy DF OF
1 Sidney Crosby Jamie Benn Phil Kessel 40 1 2 2
2 Evgeni Malkin Daniel Sedin Colby Armstrong 30 1 2 2
3 Daniel Briere Sergei Kostitsyn Radim Vrbata 20 1 2 2
4 Stephane Da Costa Ryan Hollweg Sidney Crosby 10 1 2 2
5 vs 5 Defense
Defense Defense Time % Phy DF OF
1 Dion Phaneuf Cody Franson 40 1 2 2
2 Duncan Keith Nate Prosser 30 1 2 2
3 Mark Giordano Carlo Colaiacovo 20 1 2 2
4 Arturs Kulda Dion Phaneuf 10 1 2 2
PowerPlay Forward
Center Left Wing Right Wing Time % Phy DF OF
1 Sidney Crosby Jamie Benn Phil Kessel 60 1 2 2
2 Evgeni Malkin Daniel Sedin Colby Armstrong 40 1 2 2
PowerPlay Defense
Defense Defense Time % Phy DF OF
1 Dion Phaneuf Cody Franson 60 1 2 2
2 Duncan Keith Nate Prosser 40 1 2 2
Penalty Kill 4 Players Forward
Center Wing Time % Phy DF OF
1 Sidney Crosby Evgeni Malkin 60 1 2 2
2 Phil Kessel Daniel Briere 40 1 2 2
Penalty Kill 4 Players Defense
Defense Defense Time % Phy DF OF
1 Dion Phaneuf Cody Franson 60 1 2 2
2 Duncan Keith Nate Prosser 40 1 2 2
Penalty Kill - 3 Players Forward
Forward Time % Phy DF OF
1 Sidney Crosby 60 1 2 2
2 Evgeni Malkin 40 1 2 2
Penalty Kill - 3 Players Defense
Defense Defense Time % Phy DF OF
1 Dion Phaneuf Cody Franson 60 1 2 2
2 Duncan Keith Nate Prosser 40 1 2 2
4 vs 4 Forward
Center Wing Time % Phy DF OF
1 Sidney Crosby Evgeni Malkin 60 1 2 2
2 Phil Kessel Daniel Briere 40 1 2 2
4 vs 4 Defense
Defense Defense Time % Phy DF OF
1 Dion Phaneuf Cody Franson 60 1 2 2
2 Duncan Keith Nate Prosser 40 1 2 2
Last Minutes Offensive
Center Left Wing Right Wing Defense Defense
Sidney Crosby Jamie Benn Phil Kessel Dion Phaneuf Cody Franson
Last Minutes Defensive
Center Left Wing Right Wing Defense Defense
Sidney Crosby Jamie Benn Phil Kessel Dion Phaneuf Cody Franson
Goaltenders
Starting : Ondrej Pavelec
Backup : Roberto Luongo
Extra Forwards
Normal : Sergei Kostitsyn, Radim Vrbata, Ryan Hollweg - PP : Sergei Kostitsyn, Radim Vrbata - PK : Ryan Hollweg
Extra Defensemen
Normal : Mark Giordano, Carlo Colaiacovo, Arturs Kulda - PP : Mark Giordano - PK : Carlo Colaiacovo, Arturs Kulda
Penalty Shots
Sidney Crosby, Evgeni Malkin, Phil Kessel, Daniel Briere, Jamie Benn
Scratches
Chris Kunitz (Healthy), Michel Ouellet (Healthy)
Canucks
5 vs 5 Forward
Center Left Wing Right Wing Time % Phy DF OF
1 James Wright Henrik Zetterberg Kris Versteeg 55 1 2 2
2 Brandon Sutter Jason Zucker Nick Palmieri 30 1 2 2
3 Marc Savard Clarke MacArthur Jason Akeson 10 1 2 2
4 James Wright Brenden Morrow Steve Bernier 5 1 2 2
5 vs 5 Defense
Defense Defense Time % Phy DF OF
1 Jamie McBain Alex Goligoski 40 1 2 2
2 Drew Fata Dennis Wideman 30 1 2 2
3 Danny DeKeiser Jordie Benn 20 1 2 2
4 Jamie McBain Alex Goligoski 10 1 2 2
PowerPlay Forward
Center Left Wing Right Wing Time % Phy DF OF
1 James Wright Henrik Zetterberg Kris Versteeg 60 1 2 2
2 Marc Savard Jason Zucker Nick Palmieri 40 1 2 2
PowerPlay Defense
Defense Defense Time % Phy DF OF
1 Jamie McBain Alex Goligoski 60 1 2 2
2 Drew Fata Dennis Wideman 40 1 2 2
Penalty Kill 4 Players Forward
Center Wing Time % Phy DF OF
1 Robert Nilsson Henrik Zetterberg 60 1 2 2
2 Kris Versteeg Nick Palmieri 40 1 2 2
Penalty Kill 4 Players Defense
Defense Defense Time % Phy DF OF
1 Jamie McBain Alex Goligoski 60 1 2 2
2 Drew Fata Dennis Wideman 40 1 2 2
Penalty Kill - 3 Players Forward
Forward Time % Phy DF OF
1 Robert Nilsson 60 1 2 2
2 Henrik Zetterberg 40 1 2 2
Penalty Kill - 3 Players Defense
Defense Defense Time % Phy DF OF
1 Jamie McBain Alex Goligoski 60 1 2 2
2 Drew Fata Dennis Wideman 40 1 2 2
4 vs 4 Forward
Center Wing Time % Phy DF OF
1 Robert Nilsson Henrik Zetterberg 60 1 2 2
2 Kris Versteeg Nick Palmieri 40 1 2 2
4 vs 4 Defense
Defense Defense Time % Phy DF OF
1 Jamie McBain Alex Goligoski 60 1 2 2
2 Drew Fata Dennis Wideman 40 1 2 2
Last Minutes Offensive
Center Left Wing Right Wing Defense Defense
Robert Nilsson Henrik Zetterberg Kris Versteeg Jamie McBain Alex Goligoski
Last Minutes Defensive
Center Left Wing Right Wing Defense Defense
Robert Nilsson Henrik Zetterberg Kris Versteeg Jamie McBain Alex Goligoski
Goaltenders
Starting : Jacob Markstrom
Backup : Alex Stalock
Extra Forwards
Normal : Brandon Sutter, Brenden Morrow, Steve Bernier - PP : Brandon Sutter, Brenden Morrow - PK : Steve Bernier
Extra Defensemen
Normal : Danny DeKeiser, Jordie Benn, Drew Fata - PP : Danny DeKeiser - PK : Jordie Benn, Drew Fata
Penalty Shots
Robert Nilsson, Henrik Zetterberg, Kris Versteeg, Nick Palmieri, Clarke MacArthur
Scratches
None
% Time on Ice - Senateurs
Lines # - Real PCT - Wanted PCT - Time Play
Normal Forward
1 - 31% - 40% - 11:54
2 - 30% - 30% - 11:39
3 - 26% - 20% - 10:15
4 - 13% - 10% - 4:54
Normal Defense
1 - 36% - 40% - 14:05
2 - 31% - 30% - 11:56
3 - 30% - 20% - 11:34
4 - 3% - 10% - 1:07
PP Forward
1 - 54% - 60% - 5:01
2 - 46% - 40% - 4:12
PP Defense
1 - 57% - 60% - 5:16
2 - 43% - 40% - 3:57
PK Forward
1 - 68% - 60% - 7:39
2 - 33% - 40% - 3:41
PK Defense
1 - 54% - 60% - 6:04
2 - 46% - 40% - 5:16
PK3 Forward
1 - 91% - 60% - 0:41
2 - 9% - 40% - 0:04
PK3 Defense
1 - 100% - 60% - 0:45
2 - 0% - 40% - 0:00
44 Forward
1 - 0% - 60%
2 - 0% - 40%
44 Defense
1 - 0% - 60%
2 - 0% - 40%
Last Minute Offensive - 0:00
Last Minute Defensive - 0:00
Total
Forward - 60:00
Defense - 60:00
|
% Time on Ice - Canucks
Lines # - Real PCT - Wanted PCT - Time Play
Normal Forward
1 - 35% - 55% - 13:42
2 - 30% - 30% - 11:33
3 - 23% - 10% - 9:03
4 - 11% - 5% - 4:24
Normal Defense
1 - 40% - 40% - 15:23
2 - 33% - 30% - 12:46
3 - 27% - 20% - 10:33
4 - 0% - 10% - 0:00
PP Forward
1 - 54% - 60% - 6:33
2 - 46% - 40% - 5:32
PP Defense
1 - 60% - 60% - 7:16
2 - 40% - 40% - 4:49
PK Forward
1 - 75% - 60% - 6:56
2 - 25% - 40% - 2:17
PK Defense
1 - 64% - 60% - 5:53
2 - 36% - 40% - 3:20
PK3 Forward
1 - 0% - 60%
2 - 0% - 40%
PK3 Defense
1 - 0% - 60%
2 - 0% - 40%
44 Forward
1 - 0% - 60%
2 - 0% - 40%
44 Defense
1 - 0% - 60%
2 - 0% - 40%
Last Minute Offensive - 0:00
Last Minute Defensive - 0:00
Total
Forward - 60:00
Defense - 60:00
|
Play-by-Play
1st period
0:01 of 1st period - Sidney Crosby wins face-off versus James Wright in neutral zone.
0:08 of 1st period - Henrik Zetterberg is hit by Phil Kessel and loses puck.
0:28 of 1st period - Evgeni Malkin is hit by Jamie McBain.
0:56 of 1st period - Duncan Keith is hit by Jason Akeson and loses puck.
1:11 of 1st period - Slapshot by Nate Prosser.
1:11 of 1st period - Shot Blocked by Dennis Wideman.
1:33 of 1st period - Snap shot by Nick Palmieri.
1:33 of 1st period - Stopped by Ondrej Pavelec without a rebound.
1:34 of 1st period - Colby Armstrong wins face-off versus Brandon Sutter in Senateurs zone.
1:34 of 1st period - Colby Armstrong is hit by Jason Zucker.
2:06 of 1st period - Snap shot by Nick Palmieri.
2:06 of 1st period - Stopped by Ondrej Pavelec with a rebound.
2:28 of 1st period - Snap shot by Nick Palmieri.
2:28 of 1st period - Shot Blocked by Jamie Benn.
3:18 of 1st period - Snap shot by Nick Palmieri.
3:18 of 1st period - Shot Misses the Net.
3:20 of 1st period - Wrist shot by Jason Zucker.
3:20 of 1st period - Stopped by Ondrej Pavelec with a rebound.
3:22 of 1st period - Snap shot by Nick Palmieri.
3:22 of 1st period - Stopped by Ondrej Pavelec without a rebound.
3:23 of 1st period - James Wright wins face-off versus Evgeni Malkin in Senateurs zone.
3:44 of 1st period - Minor Penalty to Kris Versteeg for Tripping.
3:45 of 1st period - Evgeni Malkin wins face-off versus Robert Nilsson in Canucks zone.
3:58 of 1st period - Snap shot by Henrik Zetterberg.
3:58 of 1st period - Stopped by Ondrej Pavelec without a rebound.
3:59 of 1st period - Henrik Zetterberg wins face-off versus Evgeni Malkin in Senateurs zone.
4:06 of 1st period - Daniel Sedin is hit by Robert Nilsson and loses puck.
4:11 of 1st period - Slapshot by Robert Nilsson.
4:11 of 1st period - Stopped by Ondrej Pavelec with a rebound.
4:13 of 1st period - Wrist shot by Alex Goligoski.
4:13 of 1st period - Stopped by Ondrej Pavelec with a rebound.
4:15 of 1st period - Wrist shot by Jamie McBain.
4:15 of 1st period - Stopped by Ondrej Pavelec without a rebound.
4:16 of 1st period - Robert Nilsson wins face-off versus Sidney Crosby in Senateurs zone.
4:27 of 1st period - Snap shot by Robert Nilsson.
4:27 of 1st period - Shot Misses the Net.
4:29 of 1st period - Slapshot by Jamie McBain.
4:29 of 1st period - Shot Blocked by Dion Phaneuf.
4:45 of 1st period - Snap shot by Evgeni Malkin.
4:45 of 1st period - Shot Misses the Net.
5:44 of 1st period - Penalty to Kris Versteeg is over, Kris Versteeg is back on ice.
6:04 of 1st period - Slapshot by Jamie McBain.
6:04 of 1st period - Deflect By Steve Bernier.
6:04 of 1st period - Stopped by Ondrej Pavelec without a rebound.
6:05 of 1st period - Ryan Hollweg wins face-off versus James Wright in Senateurs zone.
6:38 of 1st period - Slapshot by Jason Akeson.
6:38 of 1st period - Shot Misses the Net.
7:02 of 1st period - Snap shot by Nick Palmieri.
7:02 of 1st period - Stopped by Ondrej Pavelec without a rebound.
7:03 of 1st period - James Wright wins face-off versus Phil Kessel in Senateurs zone.
7:08 of 1st period - Slapshot by Jamie McBain.
7:08 of 1st period - Shot Misses the Net.
7:16 of 1st period - Snap shot by Henrik Zetterberg.
7:16 of 1st period - Goal by Henrik Zetterberg - Senateurs : 0 - Canucks : 1.
7:17 of 1st period - James Wright wins face-off versus Evgeni Malkin in neutral zone.
8:42 of 1st period - Off-side.
8:43 of 1st period - Stephane Da Costa wins face-off versus James Wright in neutral zone.
8:53 of 1st period - Slapshot by Sidney Crosby.
8:53 of 1st period - Shot Blocked by Jamie McBain.
9:08 of 1st period - Minor Penalty to Ryan Hollweg for Cross-checking.
9:09 of 1st period - Marc Savard wins face-off versus Sidney Crosby in Senateurs zone.
9:16 of 1st period - Slapshot by Jamie McBain.
9:16 of 1st period - Stopped by Ondrej Pavelec with a rebound.
9:18 of 1st period - Slapshot by Nick Palmieri.
9:18 of 1st period - Stopped by Ondrej Pavelec with a rebound.
9:48 of 1st period - Off-side.
9:49 of 1st period - Phil Kessel wins face-off versus James Wright in neutral zone.
9:52 of 1st period - Slapshot by Duncan Keith.
9:52 of 1st period - Deflect By Phil Kessel.
9:52 of 1st period - Stopped by Jacob Markstrom with a rebound.
10:52 of 1st period - Sidney Crosby is hit by Jamie McBain and loses puck.
11:08 of 1st period - Penalty to Ryan Hollweg is over, Ryan Hollweg is back on ice.
11:32 of 1st period - Evgeni Malkin is hit by Dennis Wideman and loses puck.
12:50 of 1st period - Wrist shot by Daniel Sedin.
12:50 of 1st period - Goal by Daniel Sedin - Senateurs : 1 - Canucks : 1.
12:51 of 1st period - James Wright wins face-off versus Sidney Crosby in neutral zone.
12:58 of 1st period - Slapshot by Jamie McBain.
12:58 of 1st period - Stopped by Ondrej Pavelec with a rebound.
13:00 of 1st period - Wrist shot by Kris Versteeg.
13:00 of 1st period - Shot Misses the Net.
13:02 of 1st period - Backhand shot by Alex Goligoski.
13:02 of 1st period - Shot Misses the Net.
13:23 of 1st period - Daniel Sedin is hit by Brandon Sutter and loses puck.
13:34 of 1st period - Minor Penalty to Clarke MacArthur for Holding.
13:35 of 1st period - Robert Nilsson wins face-off versus Sidney Crosby in Canucks zone.
14:12 of 1st period - Snap shot by Colby Armstrong.
14:12 of 1st period - Shot Misses the Net.
15:34 of 1st period - Penalty to Clarke MacArthur is over, Clarke MacArthur is back on ice.
15:53 of 1st period - Snap shot by Sergei Kostitsyn.
15:53 of 1st period - Stopped by Jacob Markstrom with a rebound.
16:17 of 1st period - Wrist shot by Brenden Morrow.
16:17 of 1st period - Stopped by Ondrej Pavelec with a rebound.
16:19 of 1st period - Wrist shot by Robert Nilsson.
16:19 of 1st period - Stopped by Ondrej Pavelec without a rebound.
16:20 of 1st period - Evgeni Malkin wins face-off versus James Wright in Senateurs zone.
16:25 of 1st period - Slapshot by Dion Phaneuf.
16:25 of 1st period - Stopped by Jacob Markstrom with a rebound.
16:27 of 1st period - Snap shot by Daniel Sedin.
16:27 of 1st period - Stopped by Jacob Markstrom without a rebound.
16:28 of 1st period - Evgeni Malkin wins face-off versus James Wright in Canucks zone.
16:59 of 1st period - Snap shot by Daniel Sedin.
16:59 of 1st period - Stopped by Jacob Markstrom without a rebound.
17:00 of 1st period - Brandon Sutter wins face-off versus Sidney Crosby in Canucks zone.
17:27 of 1st period - Radim Vrbata is hit by Marc Savard and loses puck.
17:56 of 1st period - Snap shot by Evgeni Malkin.
17:56 of 1st period - Stopped by Jacob Markstrom without a rebound.
17:57 of 1st period - James Wright wins face-off versus Evgeni Malkin in Canucks zone.
19:05 of 1st period - Wrist shot by Evgeni Malkin.
19:05 of 1st period - Shot Misses the Net.
19:07 of 1st period - Slapshot by Colby Armstrong.
19:07 of 1st period - Stopped by Jacob Markstrom without a rebound.
19:08 of 1st period - Evgeni Malkin wins face-off versus James Wright in Canucks zone.
19:12 of 1st period - Slapshot by Nate Prosser.
19:12 of 1st period - Stopped by Jacob Markstrom with a rebound.
19:18 of 1st period - Snap shot by Daniel Sedin.
19:18 of 1st period - Shot Blocked by Danny DeKeiser.
19:20 of 1st period - Slapshot by Duncan Keith.
19:20 of 1st period - Deflect By Evgeni Malkin.
19:20 of 1st period - Shot Blocked by Danny DeKeiser.
19:20 of 1st period - Puck is out of play.
19:21 of 1st period - Sidney Crosby wins face-off versus James Wright in Canucks zone.
19:34 of 1st period - Slapshot by Jamie McBain.
19:34 of 1st period - Stopped by Ondrej Pavelec with a rebound.
19:36 of 1st period - Slapshot by Alex Goligoski.
19:36 of 1st period - Stopped by Ondrej Pavelec without a rebound.
19:37 of 1st period - James Wright wins face-off versus Evgeni Malkin in Senateurs zone.
19:50 of 1st period - Wrist shot by Kris Versteeg.
19:50 of 1st period - Shot Misses the Net.
19:52 of 1st period - Snap shot by Henrik Zetterberg.
19:52 of 1st period - Shot Blocked by Daniel Sedin.
Goals for this period are 1 for Senateurs vs 1 for Canucks.
Shots for this period are 9 for Senateurs vs 18 for Canucks.
2nd period
0:01 of 2nd period - Sidney Crosby wins face-off versus James Wright in neutral zone.
0:10 of 2nd period - Snap shot by Sidney Crosby.
0:10 of 2nd period - Stopped by Jacob Markstrom with a rebound.
0:26 of 2nd period - Jason Zucker is hit by Colby Armstrong and loses puck.
0:43 of 2nd period - Minor Penalty to Colby Armstrong for Hooking.
0:44 of 2nd period - James Wright wins face-off versus Sidney Crosby in Senateurs zone.
0:49 of 2nd period - Slapshot by Henrik Zetterberg.
0:49 of 2nd period - Deflect By James Wright.
0:49 of 2nd period - Shot Blocked by Evgeni Malkin.
0:49 of 2nd period - Puck is out of play.
0:50 of 2nd period - James Wright wins face-off versus Sidney Crosby in Senateurs zone.
1:22 of 2nd period - Snap shot by Jamie McBain.
1:22 of 2nd period - Shot Hit the Post.
1:24 of 2nd period - Wrist shot by Jason Zucker.
1:24 of 2nd period - Stopped by Ondrej Pavelec without a rebound.
1:25 of 2nd period - Phil Kessel wins face-off versus James Wright in Senateurs zone.
2:43 of 2nd period - Penalty to Colby Armstrong is over, Colby Armstrong is back on ice.
2:57 of 2nd period - James Wright is hit by Nate Prosser and loses puck.
3:16 of 2nd period - Jamie Benn is hit by Steve Bernier.
3:25 of 2nd period - Off-side.
3:26 of 2nd period - Evgeni Malkin wins face-off versus Marc Savard in neutral zone.
4:03 of 2nd period - Marc Savard is hit by Sergei Kostitsyn and loses puck.
4:56 of 2nd period - James Wright is hit by Dion Phaneuf and loses puck.
5:16 of 2nd period - Minor Penalty to Daniel Sedin for Hooking.
5:17 of 2nd period - Sidney Crosby wins face-off versus James Wright in Senateurs zone.
5:36 of 2nd period - Evgeni Malkin is hit by Kris Versteeg and loses puck.
7:15 of 2nd period - Wrist shot by Daniel Briere.
7:15 of 2nd period - Stopped by Jacob Markstrom without a rebound.
7:16 of 2nd period - Penalty to Daniel Sedin is over, Daniel Sedin is back on ice.
7:16 of 2nd period - James Wright wins face-off versus Daniel Briere in Canucks zone.
7:31 of 2nd period - Wrist shot by Sergei Kostitsyn.
7:31 of 2nd period - Stopped by Jacob Markstrom without a rebound.
7:32 of 2nd period - Sidney Crosby wins face-off versus Brandon Sutter in Canucks zone.
7:35 of 2nd period - Wrist shot by Jamie Benn.
7:35 of 2nd period - Shot Misses the Net.
7:37 of 2nd period - Wrist shot by Dion Phaneuf.
7:37 of 2nd period - Stopped by Jacob Markstrom with a rebound.
7:41 of 2nd period - Wrist shot by Sidney Crosby.
7:41 of 2nd period - Goal by Sidney Crosby - Senateurs : 2 - Canucks : 1.
7:42 of 2nd period - Sidney Crosby wins face-off versus James Wright in neutral zone.
7:46 of 2nd period - Minor Penalty to Henrik Zetterberg for Tripping.
7:47 of 2nd period - Sidney Crosby wins face-off versus Robert Nilsson in Canucks zone.
7:47 of 2nd period - Wrist shot by Phil Kessel.
7:47 of 2nd period - Stopped by Jacob Markstrom without a rebound.
7:48 of 2nd period - Sidney Crosby wins face-off versus Robert Nilsson in Canucks zone.
8:24 of 2nd period - Backhand shot by Daniel Sedin.
8:24 of 2nd period - Stopped by Jacob Markstrom with a rebound.
8:26 of 2nd period - Snap shot by Daniel Sedin.
8:26 of 2nd period - Stopped by Jacob Markstrom with a rebound.
9:46 of 2nd period - Penalty to Henrik Zetterberg is over, Henrik Zetterberg is back on ice.
10:50 of 2nd period - Alex Goligoski is hit by Evgeni Malkin and loses puck.
11:38 of 2nd period - Icing by Brandon Sutter.
11:39 of 2nd period - James Wright wins face-off versus Daniel Briere in Canucks zone.
11:43 of 2nd period - Off-side.
11:44 of 2nd period - Daniel Briere wins face-off versus James Wright in neutral zone.
11:57 of 2nd period - Snap shot by Daniel Briere.
11:57 of 2nd period - Deflect By Radim Vrbata.
11:57 of 2nd period - Stopped by Jacob Markstrom without a rebound.
11:58 of 2nd period - Sidney Crosby wins face-off versus Henrik Zetterberg in Canucks zone.
12:05 of 2nd period - Wrist shot by Henrik Zetterberg.
12:05 of 2nd period - Deflect By Kris Versteeg.
12:05 of 2nd period - Shot Misses the Net.
12:05 of 2nd period - Puck is out of play.
12:06 of 2nd period - Sidney Crosby wins face-off versus James Wright in Senateurs zone.
12:11 of 2nd period - Cody Franson is hit by Alex Goligoski and loses puck.
12:26 of 2nd period - Slapshot by Cody Franson.
12:26 of 2nd period - Deflect By Sidney Crosby.
12:26 of 2nd period - Stopped by Jacob Markstrom without a rebound.
12:27 of 2nd period - Brandon Sutter wins face-off versus Daniel Sedin in Canucks zone.
12:31 of 2nd period - Minor Penalty to Jason Zucker for High sticking.
12:32 of 2nd period - Sidney Crosby wins face-off versus Robert Nilsson in Canucks zone.
12:35 of 2nd period - Slapshot by Sidney Crosby.
12:35 of 2nd period - Deflect By Phil Kessel.
12:35 of 2nd period - Stopped by Jacob Markstrom with a rebound.
13:55 of 2nd period - Alex Goligoski is hit by Dion Phaneuf and loses puck.
14:31 of 2nd period - Penalty to Jason Zucker is over, Jason Zucker is back on ice.
14:49 of 2nd period - Wrist shot by Clarke MacArthur.
14:49 of 2nd period - Stopped by Ondrej Pavelec with a rebound.
14:51 of 2nd period - Slapshot by Drew Fata.
14:51 of 2nd period - Shot Blocked by Radim Vrbata.
14:53 of 2nd period - Snap shot by Jason Akeson.
14:53 of 2nd period - Stopped by Ondrej Pavelec without a rebound.
14:54 of 2nd period - Brandon Sutter wins face-off versus Daniel Briere in Senateurs zone.
15:03 of 2nd period - Slapshot by Brandon Sutter.
15:03 of 2nd period - Shot Misses the Net.
15:05 of 2nd period - Wrist shot by Brandon Sutter.
15:05 of 2nd period - Shot Misses the Net.
15:07 of 2nd period - Wrist shot by Nick Palmieri.
15:07 of 2nd period - Shot Misses the Net.
15:09 of 2nd period - Slapshot by Jordie Benn.
15:09 of 2nd period - Deflect By Brandon Sutter.
15:09 of 2nd period - Shot Misses the Net.
15:09 of 2nd period - Puck is out of play.
15:10 of 2nd period - Sidney Crosby wins face-off versus James Wright in Senateurs zone.
15:15 of 2nd period - Kris Versteeg is hit by Phil Kessel and loses puck.
15:46 of 2nd period - Snap shot by Evgeni Malkin.
15:46 of 2nd period - Stopped by Jacob Markstrom with a rebound.
15:48 of 2nd period - Wrist shot by Mark Giordano.
15:48 of 2nd period - Stopped by Jacob Markstrom with a rebound.
16:04 of 2nd period - Wrist shot by Radim Vrbata.
16:04 of 2nd period - Shot Misses the Net.
16:29 of 2nd period - Slapshot by Clarke MacArthur.
16:29 of 2nd period - Shot Blocked by Phil Kessel.
16:43 of 2nd period - Snap shot by Evgeni Malkin.
16:43 of 2nd period - Stopped by Jacob Markstrom with a rebound.
16:45 of 2nd period - Slapshot by Nate Prosser.
16:45 of 2nd period - Deflect By Evgeni Malkin.
16:45 of 2nd period - Stopped by Jacob Markstrom without a rebound.
16:46 of 2nd period - James Wright wins face-off versus Evgeni Malkin in Canucks zone.
16:46 of 2nd period - James Wright is hit by Dion Phaneuf.
17:16 of 2nd period - Slapshot by Henrik Zetterberg.
17:16 of 2nd period - Stopped by Ondrej Pavelec without a rebound.
17:17 of 2nd period - Sidney Crosby wins face-off versus Brandon Sutter in Senateurs zone.
17:31 of 2nd period - Slapshot by Phil Kessel.
17:31 of 2nd period - Deflect By Sidney Crosby.
17:31 of 2nd period - Shot Blocked by Danny DeKeiser.
17:31 of 2nd period - Puck is out of play.
17:32 of 2nd period - James Wright wins face-off versus Sidney Crosby in Canucks zone.
17:43 of 2nd period - Backhand shot by Sidney Crosby.
17:43 of 2nd period - Stopped by Jacob Markstrom with a rebound.
17:45 of 2nd period - Snap shot by Sidney Crosby.
17:45 of 2nd period - Shot Misses the Net.
17:47 of 2nd period - Slapshot by Dion Phaneuf.
17:47 of 2nd period - Shot Blocked by James Wright.
17:59 of 2nd period - Cody Franson is hit by Jason Zucker and loses puck.
18:26 of 2nd period - Snap shot by Clarke MacArthur.
18:26 of 2nd period - Stopped by Ondrej Pavelec with a rebound.
19:51 of 2nd period - Wrist shot by Nick Palmieri.
19:51 of 2nd period - Stopped by Ondrej Pavelec without a rebound.
19:52 of 2nd period - Brandon Sutter wins face-off versus Evgeni Malkin in Senateurs zone.
Goals for this period are 1 for Senateurs vs 0 for Canucks.
Shots for this period are 16 for Senateurs vs 6 for Canucks.
3rd period
0:01 of 3rd period - Sidney Crosby wins face-off versus Henrik Zetterberg in neutral zone.
1:15 of 3rd period - Dion Phaneuf is hit by Clarke MacArthur and loses puck.
1:26 of 3rd period - Snap shot by Drew Fata.
1:26 of 3rd period - Stopped by Ondrej Pavelec without a rebound.
1:27 of 3rd period - James Wright wins face-off versus Evgeni Malkin in Senateurs zone.
1:34 of 3rd period - Snap shot by Kris Versteeg.
1:34 of 3rd period - Shot Misses the Net.
1:36 of 3rd period - Slapshot by Jordie Benn.
1:36 of 3rd period - Shot Misses the Net.
1:38 of 3rd period - Snap shot by Kris Versteeg.
1:38 of 3rd period - Deflect By James Wright.
1:38 of 3rd period - Shot Misses the Net.
1:38 of 3rd period - Puck is out of play.
1:39 of 3rd period - Sidney Crosby wins face-off versus James Wright in Senateurs zone.
1:41 of 3rd period - Minor Penalty to Phil Kessel for Hooking.
1:42 of 3rd period - James Wright wins face-off versus Sidney Crosby in Senateurs zone.
2:14 of 3rd period - Wrist shot by Marc Savard.
2:14 of 3rd period - Shot Misses the Net.
2:16 of 3rd period - Snap shot by Alex Goligoski.
2:16 of 3rd period - Shot Misses the Net.
2:48 of 3rd period - Nate Prosser is hit by Drew Fata and loses puck.
3:41 of 3rd period - Penalty to Phil Kessel is over, Phil Kessel is back on ice.
3:53 of 3rd period - Wrist shot by Brandon Sutter.
3:53 of 3rd period - Shot Misses the Net.
3:55 of 3rd period - Slapshot by Jordie Benn.
3:55 of 3rd period - Deflect By Steve Bernier.
3:55 of 3rd period - Shot Misses the Net.
3:55 of 3rd period - Puck is out of play.
3:56 of 3rd period - Evgeni Malkin wins face-off versus James Wright in Senateurs zone.
4:19 of 3rd period - Minor Penalty to Jamie Benn for Tripping.
4:20 of 3rd period - James Wright wins face-off versus Sidney Crosby in Senateurs zone.
4:23 of 3rd period - Slapshot by Jamie McBain.
4:23 of 3rd period - Stopped by Ondrej Pavelec with a rebound.
4:25 of 3rd period - Snap shot by Jamie McBain.
4:25 of 3rd period - Shot Blocked by Sidney Crosby.
4:27 of 3rd period - Snap shot by Henrik Zetterberg.
4:27 of 3rd period - Stopped by Ondrej Pavelec without a rebound.
4:28 of 3rd period - James Wright wins face-off versus Sidney Crosby in Senateurs zone.
4:53 of 3rd period - Slapshot by Jamie McBain.
4:53 of 3rd period - Shot Blocked by Cody Franson.
6:04 of 3rd period - Sidney Crosby is hit by Nick Palmieri and loses puck.
6:15 of 3rd period - Kris Versteeg is hit by Dion Phaneuf and loses puck.
6:19 of 3rd period - Penalty to Jamie Benn is over, Jamie Benn is back on ice.
6:46 of 3rd period - Brenden Morrow is hit by Colby Armstrong.
7:56 of 3rd period - Slapshot by Dion Phaneuf.
7:56 of 3rd period - Shot Blocked by Dennis Wideman.
8:32 of 3rd period - Jamie McBain is hit by Daniel Sedin and loses puck.
9:19 of 3rd period - Clarke MacArthur is hit by Daniel Sedin and loses puck.
9:32 of 3rd period - Carlo Colaiacovo is hit by Jason Zucker.
9:48 of 3rd period - Henrik Zetterberg is hit by Daniel Briere and loses puck.
10:29 of 3rd period - Alex Goligoski is hit by Stephane Da Costa and loses puck.
11:07 of 3rd period - Icing by Phil Kessel.
11:08 of 3rd period - Daniel Briere wins face-off versus Henrik Zetterberg in Senateurs zone.
11:20 of 3rd period - Minor Penalty to Jason Zucker for Roughing.
11:21 of 3rd period - Robert Nilsson wins face-off versus Sidney Crosby in Canucks zone.
11:51 of 3rd period - Slapshot by Dion Phaneuf.
11:51 of 3rd period - Stopped by Jacob Markstrom without a rebound.
11:52 of 3rd period - Sidney Crosby wins face-off versus Kris Versteeg in Canucks zone.
11:59 of 3rd period - Wrist shot by Phil Kessel.
11:59 of 3rd period - Stopped by Jacob Markstrom without a rebound.
12:00 of 3rd period - Phil Kessel wins face-off versus Robert Nilsson in Canucks zone.
12:14 of 3rd period - Snap shot by Sidney Crosby.
12:14 of 3rd period - Shot Misses the Net.
12:20 of 3rd period - Wrist shot by Sidney Crosby.
12:20 of 3rd period - Goal by Sidney Crosby - Senateurs : 3 - Canucks : 1.
12:21 of 3rd period - James Wright wins face-off versus Sidney Crosby in neutral zone.
12:32 of 3rd period - Snap shot by Kris Versteeg.
12:32 of 3rd period - Goal by Kris Versteeg - Senateurs : 3 - Canucks : 2.
12:33 of 3rd period - James Wright wins face-off versus Sidney Crosby in neutral zone.
12:36 of 3rd period - Slapshot by Jamie McBain.
12:36 of 3rd period - Stopped by Ondrej Pavelec with a rebound.
12:38 of 3rd period - Wrist shot by James Wright.
12:38 of 3rd period - Stopped by Ondrej Pavelec without a rebound.
12:39 of 3rd period - James Wright wins face-off versus Sidney Crosby in Senateurs zone.
12:46 of 3rd period - Slapshot by James Wright.
12:46 of 3rd period - Stopped by Ondrej Pavelec with a rebound.
12:48 of 3rd period - Slapshot by Jamie McBain.
12:48 of 3rd period - Shot Blocked by Jamie Benn.
12:50 of 3rd period - Slapshot by Kris Versteeg.
12:50 of 3rd period - Stopped by Ondrej Pavelec without a rebound.
12:51 of 3rd period - James Wright wins face-off versus Sidney Crosby in Senateurs zone.
12:52 of 3rd period - Snap shot by Henrik Zetterberg.
12:52 of 3rd period - Goal by Henrik Zetterberg - Senateurs : 3 - Canucks : 3.
12:53 of 3rd period - James Wright wins face-off versus Sidney Crosby in neutral zone.
14:10 of 3rd period - Wrist shot by Kris Versteeg.
14:10 of 3rd period - Shot Misses the Net.
14:12 of 3rd period - Slapshot by Kris Versteeg.
14:12 of 3rd period - Shot Blocked by Stephane Da Costa.
15:05 of 3rd period - Minor Penalty to Jason Akeson for Hooking.
15:06 of 3rd period - Robert Nilsson wins face-off versus Sidney Crosby in Canucks zone.
15:22 of 3rd period - Wrist shot by Jamie Benn.
15:22 of 3rd period - Goal by Jamie Benn - Senateurs : 4 - Canucks : 3.
15:23 of 3rd period - Jamie Benn wins face-off versus James Wright in neutral zone.
15:56 of 3rd period - Slapshot by Sergei Kostitsyn.
15:56 of 3rd period - Stopped by Jacob Markstrom with a rebound.
16:30 of 3rd period - Carlo Colaiacovo is hit by James Wright and loses puck.
16:50 of 3rd period - Off-side.
16:51 of 3rd period - Evgeni Malkin wins face-off versus Marc Savard in neutral zone.
17:24 of 3rd period - Sergei Kostitsyn is hit by James Wright and loses puck.
17:49 of 3rd period - Minor Penalty to Stephane Da Costa for Delaying the game.
17:50 of 3rd period - Sidney Crosby wins face-off versus James Wright in Senateurs zone.
19:03 of 3rd period - Minor Penalty to Dion Phaneuf for Tripping.
19:04 of 3rd period - Sidney Crosby wins face-off versus James Wright in Senateurs zone.
19:13 of 3rd period - Canucks, Jacob Markstrom is pulled from the net.
19:35 of 3rd period - Carlo Colaiacovo is hit by Marc Savard and loses puck.
19:49 of 3rd period - Penalty to Stephane Da Costa is over, Stephane Da Costa is back on ice.
Goals for this period are 2 for Senateurs vs 2 for Canucks.
Shots for this period are 5 for Senateurs vs 9 for Canucks.
Back to the Top